 Dungeon Crawl Stone Soup version bcrawl-1.34.4 (webtiles) character file.

Game seed: 1125238938569361033

373161 KristoblXynda the Carver (level 11, -14/101 HPs)
             Began as a Red Draconian Gladiator on Oct 23, 2021.
             Was a High Priest of Okawaru.
             Demolished by a water elemental (19 damage)
             ... summoned by a deep elf mage
             ... on level 10 of the Dungeon.
             The game lasted 00:14:20 (9888 turns).

KristoblXynda the Carver (Red Draconian Gladiator)  Turns: 9888, Time: 00:14:20

Health: -14/101    AC: 13    Str: 23    XL:     11   Next: 33%
Magic:  15/15      EV: 17    Int: 13    God:    Okawaru [*****.]
Gold:   780        SH:  6    Dex: 15    Spells: 10/10 levels left

rFire    + + .     SeeInvis .   I - +7 long sword "Jupo Qiq" {protect, +Inv}
rCold    + + .     Gourm    .   (no shield)
rNeg     + . .     Faith    .   (armour unavailable)
rPois    .         Spirit   .   H - +1 hat {Int+3}
rElec    .         Reflect  +   D - +1 cloak
rCorr    +         Harm     .   (no gloves)
MR       .....                  G - +2 pair of boots of the Wilderness {*Slow rN+ Regen+}
Stlth    +.........             j - +3 amulet of reflection
HPRegen  0.66/turn              m - ring of resist corrosion
MPRegen  0.14/turn              A - ring "Wifoz" {+Inv rF+ rC++ Str+4 Dex+3}

@: no status effects
A: breathe fire, unfitting armour, fire resistance 1, cold-blooded, AC +7
a: Breathe Fire, Heroism, Finesse, Renounce Religion, Evoke Invisibility


You were on level 10 of the Dungeon.
You worshipped Okawaru.
Okawaru was extremely pleased with you.
You were not hungry.

You visited 2 branches of the dungeon, and saw 11 of its levels.

You collected 927 gold pieces.
You spent 147 gold pieces at shops.

Inventory:

Hand Weapons
 I - the +7 long sword "Jupo Qiq" (weapon) {protect, +Inv}
   (You found it on level 9 of the Dungeon)

   It grants its wielder temporary protection when it strikes (+7 to AC).
   It lets you turn invisible.
Missiles
 c - 3 throwing nets (quivered) {=f}
Armour
 a - a +2 pair of gloves of strength
 D - a +1 cloak (worn)
 G - the +2 pair of boots of the Wilderness (worn) {*Slow rN+ Regen+}
   (Okawaru gifted it to you on level 9 of the Dungeon)

   It protects you from negative energy.
   It increases your rate of regeneration.
   It may slow you when you take damage.
 H - a +1 hat of intelligence (worn)
Jewellery
 j - a +3 amulet of reflection (around neck)
 m - a ring of resist corrosion (left hand)
 A - the ring "Wifoz" (right hand) {+Inv rF+ rC++ Str+4 Dex+3}
   (You acquired it on level 9 of the Dungeon)

   [ring of dexterity]

   It affects your strength (+4).
   It affects your dexterity (+3).
   It protects you from fire.
   It greatly protects you from cold.
   It lets you turn invisible.
 C - an uncursed ring of protection from fire
Wands
 b - a wand of acid (14)
 z - a wand of disintegration (8)
 E - a wand of iceblast (23)
Scrolls
 i - a scroll of identify
 k - 4 scrolls of magic mapping
 p - 3 scrolls of teleportation
 q - a scroll of enchant armour
 r - 5 scrolls of remove curse
 t - a scroll of fear
 y - a scroll of amnesia
Potions
 d - 3 potions of heal wounds
 g - a potion of flight
 h - a potion of brilliance
 l - 2 potions of haste
 n - a potion of ambrosia {unknown}
 s - a potion of might
 u - a potion of cancellation
 v - 3 potions of curing
 B - 2 potions of resistance
Comestibles
 e - 15 rations {!d}
 f - a chunk of flesh


   Skills:
 + Level 10.3 Fighting
 + Level 11.7 Long Blades
 - Level 2.1 Throwing
 + Level 8.8 Dodging
 + Level 5.5 Invocations


You had 10 spell levels left.
You didn't know any spells.
Your spell library was empty.

Dungeon Overview and Level Annotations

Branches:
Dungeon (10/12)            Temple (1/1) D:4            Lair (0/6) D:9
    Orc (0/1) D:9

Altars:
Ashenzari
Cheibriados
Dithmenos
Elyvilon
Fedhas
Gozag
Hepliaklqana
Kikubaaqudgha
Lugonu
Makhleb
Nemelex Xobeh
Okawaru
Qazlal
Ru
Sif Muna
Trog
Uskayaw
Vehumet
Wu Jian
Xom
Yredelemnul
Zin
The Shining One

Shops:
D:7 (


Innate Abilities, Weirdness & Mutations

You can breathe blasts of fire.
Your fiery red scales are hard. (AC +7)
You cannot fit into any form of body armour.
Your flesh is heat resistant. (rF+)
You are cold-blooded and may be slowed by cold attacks.


Message History

You gasp with relief as air once again reaches your lungs.
The water elemental hits you!
* * * LOW HITPOINT WARNING * * *
The water elemental engulfs you in water!
The water elemental misses you. The water elemental hits you!
* * * LOW HITPOINT WARNING * * *
You slip free of the water engulfing you.
You gasp with relief as air once again reaches your lungs.
Evoke which item? (* to show all) (? for menu, Esc to quit)
That's the wrong kind of item! (Use * to select it.) Evoke which item? (* to show all) (? for menu, Esc to quit)
Okay, then.
Evoke which item? (* to show all) (? for menu, Esc to quit)
That's the wrong kind of item! (Use * to select it.) Evoke which item? (* to show all) (? for menu, Esc to quit)
Evoke which item? (* to show all) (? for menu, Esc to quit)
Okay, then.
You have got your breath back.
The water elemental hits you!!
You die...

..........#..........
..........#..........
....#................
....#................
... #.....###'###....
... #.....#..e..# .
.. #.....#.....# ..
#######..≈≈E########
#..≈≈E@.......
#..≈.E........
#.............
#.............
##############


You could see 3 water elementals and a deep elf mage.

Vanquished Creatures
  An ogre mage (D:8)
  A two-headed ogre (D:10)
  A troll (D:7)
  A wolf spider simulacrum (D:10)
  A hippogriff (D:8)
  18 yaks
  Sigmund (D:2)
  A spriggan (D:7)
  A hungry ghost (D:7)
  A vampire mosquito (D:9)
  2 steam dragons
  A water moccasin (D:7)
  A crocodile (D:9)
  3 porcupines (D:9)
  A soldier ant (D:9)
  2 ice beasts
  A black bear (D:9)
  2 orc warriors (D:9)
  2 phantoms
  4 ogres
  A necrophage (D:8)
  2 centaurs
  5 bullfrogs
  2 big kobolds (D:8)
  A wyvern zombie (D:5)
  2 scorpions
  3 wights (D:9)
  11 killer bees
  7 howler monkeys
  An orc priest (D:6)
  2 centaur zombies
  5 crimson imps
  2 hounds
  4 jellies
  2 iguanas
  6 orc wizards
  2 bullfrog skeletons (D:4)
  3 centaur skeletons
  10 worker ants
  2 hound zombies (D:7)
  A hound skeleton (D:4)
  10 adders
  3 shadow imps
  An ooze (D:2)
  An adder zombie (D:6)
  5 worms
  3 dart slugs
  4 leopard geckos
  28 orcs
  A ball python (D:1)
  6 bats
  2 giant cockroaches
  15 goblins
  9 hobgoblins
  8 jackals
  11 kobolds
  3 quokkas
  5 frilled lizards
  2 jackal skeletons (D:4)
  A quokka skeleton (D:4)
  3 rats
241 creatures vanquished.

Vanquished Creatures (others)
  6 fungi (D:9)
  3 plants
9 creatures vanquished.

Grand Total: 250 creatures vanquished

Notes
Turn   | Place    | Note
-------+----------+-------------------------------------------
     0 | D:1      | KristoblXynda the Draconian Gladiator began the quest for
                  | the Orb.
     0 | D:1      | Reached XP level 1. HP: 19/19 MP: 1/1
    53 | D:1      | Reached XP level 2. HP: 11/26 MP: 2/2
   292 | D:1      | Reached XP level 3. HP: 33/33 MP: 3/3
  1200 | D:2      | Noticed Sigmund
  1218 | D:2      | Killed Sigmund
  1219 | D:2      | Reached skill level 4 in Long Blades
  1219 | D:2      | Reached XP level 4. HP: 28/41 MP: 4/4
  1219 | D:2      | Reached XP level 5. HP: 32/47 MP: 5/5
  1703 | D:2      | Found a radiant altar of Vehumet.
  1981 | D:3      | Found a shimmering altar of Xom.
  1983 | D:3      | Reached skill level 5 in Long Blades
  2065 | D:3      | Reached XP level 6. HP: 36/53 MP: 6/6
  2322 | D:3      | Found a faded altar of an unknown god.
  2779 | D:3      | Reached skill level 5 in Fighting
  2882 | D:4      | Reached skill level 6 in Long Blades
  2882 | D:4      | Your scales start taking on a fiery red colour.
  2882 | D:4      | Reached XP level 7. HP: 37/61 MP: 7/7
  2882 | D:4      | Gained mutation: Your flesh is heat resistant. (rF+) [Red
                  | Draconian growth]
  3571 | D:4      | Found a staircase to the Ecumenical Temple.
  3584 | Temple   | Entered the Ecumenical Temple
  3814 | Temple   | Became a worshipper of Warmaster Okawaru
  3959 | D:4      | Reached skill level 7 in Long Blades
  3966 | D:4      | Reached skill level 5 in Dodging
  3966 | D:4      | Reached XP level 8. HP: 64/70 MP: 8/8
  4156 | D:5      | Entered Level 5 of the Dungeon
  4251 | D:5      | Found a stormy altar of Qazlal.
  4277 | D:5      | Found a shimmering blue altar of Sif Muna.
  4899 | D:5      | Reached * piety under Okawaru
  5365 | D:6      | Reached skill level 8 in Long Blades
  6268 | D:7      | Found Uliegahu's Antique Weapon Emporium.
  6290 | D:7      | Bought a glowing rapier for 147 gold pieces
  6355 | D:7      | Reached ** piety under Okawaru
  6356 | D:7      | Reached XP level 9. HP: 79/79 MP: 9/9
  6555 | D:7      | Reached skill level 9 in Long Blades
  6906 | D:7      | Found a glowing golden altar of the Shining One.
  7043 | D:7      | Reached *** piety under Okawaru
  7088 | D:7      | Noticed a troll
  7097 | D:7      | Killed a troll
  7098 | D:7      | Reached skill level 10 in Long Blades
  7554 | D:8      | Reached XP level 10. HP: 75/90 MP: 10/10
  7557 | D:8      | Reached **** piety under Okawaru
  7575 | D:8      | Reached skill level 1 in Invocations
  7889 | D:8      | Reached ***** piety under Okawaru
  7931 | D:8      | Reached skill level 11 in Long Blades
  7969 | D:8      | Noticed an ogre mage
  7997 | D:8      | Killed an ogre mage
  8166 | D:8      | Found a burning altar of Makhleb.
  8166 | D:8      | Found a shimmering altar of Xom.
  8599 | D:9      | Found a staircase to the Lair.
  8740 | D:9      | Noticed a tengu warrior
  8770 | D:9      | Received a gift from Okawaru
  8773 | D:9      | Got a pair of masterwork boots {god gift}
  8802 | D:8      | Identified the +2 pair of boots of the Wilderness {*Slow
                  | rN+ Regen+} (Okawaru gifted it to you on level 9 of the
                  | Dungeon)
  8879 | D:9      | Found a staircase to the Orcish Mines.
  8933 | D:9      | Reached XP level 11. HP: 99/99 MP: 14/14
  8997 | D:9      | Identified a scroll of acquirement
  8997 | D:9      | Identified the ring "Wifoz" {+Inv rF+ rC++ Str+4 Dex+3}
                  | (You acquired it on level 9 of the Dungeon)
  9111 | D:9      | Reached skill level 10 in Fighting
  9142 | D:9      | Reached skill level 5 in Invocations
  9315 | D:9      | Got a jewelled long sword
  9331 | D:9      | Identified the +7 long sword "Jupo Qiq" {protect, +Inv}
                  | (You found it on level 9 of the Dungeon)
  9777 | D:10     | Entered Level 10 of the Dungeon
  9800 | D:10     | Noticed a two-headed ogre
  9816 | D:10     | Killed a two-headed ogre
  9867 | D:10     | Noticed a deep elf mage
  9886 | D:10     | HP: 3/101 [water elemental[a deep elf mage] (10)]
  9888 | D:10     | Demolished by a water elemental

Skill      XL: |  1  2  3  4  5  6  7  8  9 10 11 |
---------------+----------------------------------+-----
Throwing       | 2 |  2.1
Dodging        | 3 4 5 6 7 8 |  8.8
Fighting       | 4 5 6 7 8 9 10 | 10.3
Long Blades    | 4 5 6 7 8 10 11 | 11.7
Invocations    | 4 5 |  5.5

Action                   |  1- 3 |  4- 6 |  7- 9 | 10-12 || total
-------------------------+-------+-------+-------+-------++-------
Melee: Long sword        |    25 |       |       |   142 ||   167
       Dagger            |   100 |   146 |   464 |   285 ||   995
       Tailslap          |    12 |    12 |    85 |    73 ||   182
 Abil: Breathe Fire      |       |       |    13 |    10 ||    23
Evoke: Wand              |       |       |       |     3 ||     3
  Use: Scroll            |     4 |       |     9 |     6 ||    19
       Potion            |     1 |       |     1 |     2 ||     4
 Stab: Sleeping          |       |     2 |       |       ||     2
       Invisible         |       |       |       |     1 ||     1
  Eat: Chunk             |     4 |     8 |    25 |    11 ||    48
       Ration            |       |       |       |     2 ||     2
Armor: Skin              |    28 |    33 |   113 |    85 ||   259
Dodge: Dodged            |    83 |    78 |   243 |   205 ||   609
Block: Other             |       |       |    33 |    55 ||    88
       Reflection        |       |       |       |     1 ||     1
